 Dungeon Crawl Stone Soup version 0.29-a0-472-ge5599a681e (webtiles) character file.

Game seed: 12574635909462510820

22484 RepHenryClay the Destroyer (level 12, -4/90 (95) HPs)
             Began as a Black Draconian Conjurer on May 21, 2022.
             Was an Elder of Vehumet.
             Killed from afar by an orc sorcerer (20 damage)
             ... with a bolt of fire
             ... while paralysed by an orc sorcerer
             ... on level 2 of the Orcish Mines on May 22, 2022.
             The game lasted 00:40:37 (19757 turns).

RepHenryClay the Destroyer (DrCj)                  Turns: 19757, Time: 00:40:38

HP:   -4/90 (95)    AC: 10    Str: 10    XL:     12   Next: 63%
MP:   19/27         EV:  2    Int: 28    God:    Vehumet [****..]
Gold: 1165          SH:  0    Dex: 11    Spells: 3/20 levels left

rFire   + . .      SeeInvis .   a - staff of conjuration
rCold   + . .      Faith    .   (no shield)
rNeg    . . .      Spirit   .   (body armour unavailable)
rPois   .          Reflect  .   (helmet restricted)
rElec   +          Harm     .   A - scarf {rC+ rF+}
rCorr   .          Rampage  .   i - +0 pair of gloves
Will    .....                   r - +0 pair of boots
Stlth   ++........              (no amulet)
HPRegen 0.25/turn               y - +6 ring of intelligence
MPRegen 0.20/turn               L - ring of magical power

@: paralysed, marked, spiked, drained
A: breathe lightning, AC +8, unfitting armour, electricity resistance,
cold-blooded
a: Breathe Lightning, Renounce Religion


You were on level 2 of the Orcish Mines.
You worshipped Vehumet.
Vehumet was greatly pleased with you.
You visited 3 branches of the dungeon, and saw 14 of its levels.

You collected 1255 gold pieces.
You spent 90 gold pieces at shops.

Inventory:

Hand Weapons
 e - the +8 dagger of Lummed {vorpal, Fly rElec rN+ Will-}
   (You found it on level 2 of the Dungeon)

   It inflicts extra damage upon your enemies.
   rElec:     It insulates you from electricity.
   rN:        It protects you from negative energy.
   Fly:       It grants you flight.
   Will:      It decreases your willpower.
 f - the +8 mace "Dush" {pain, rF++ Stlth-}
   (You found it on level 2 of the Dungeon)

   In the hands of one skilled in necromantic magic, it inflicts extra damage on
   living creatures.
   rF:        It greatly protects you from fire.
   Stlth:     It makes you less stealthy.
Missiles
 O - 3 curare-tipped darts (quivered)
Armour
 i - a +0 pair of gloves (worn)
 m - the -5 pair of gloves of Sin {+Blink rPois Dex+3}
   (You found it on level 3 of the Dungeon)

   Dex:       It affects your dexterity (+3).
   rPois:     It protects you from poison.
   +Blink:    It lets you blink.
 r - a +0 pair of boots (worn)
 u - a scarf of harm
 z - a +0 pair of gloves
 A - a scarf of resistance (worn)
Magical Staves
 a - a staff of conjuration (weapon)
 b - a staff of poison
 D - a staff of fire
Jewellery
 l - a ring of flight
 y - a +6 ring of intelligence (left hand)
 F - a ring of ice
 L - a ring of magical power (right hand)
 P - a ring of ice
Wands
 M - a wand of charming (8)
Scrolls
 c - 2 scrolls of amnesia
 k - 4 scrolls of enchant armour
 n - a scroll of silence {unknown}
 o - a scroll of blinking {unknown}
 q - 9 scrolls of teleportation
 s - a scroll of torment {unknown}
 v - a scroll of immolation {unknown}
 w - a scroll of magic mapping {unknown}
 B - a scroll of noise {unknown}
 C - a scroll of poison
 E - a scroll of acquirement {unknown}
 Q - a scroll of fear {unknown}
 R - a scroll of enchant weapon {unknown}
Potions
 d - 9 potions of heal wounds
 g - 2 potions of brilliance
 h - 4 potions of might
 p - 2 potions of curing
 t - a potion of ambrosia
 x - 4 potions of magic
 H - a potion of lignification
 I - a potion of attraction {unknown}
 J - 3 potions of invisibility {unknown}
 N - 2 potions of flight
 S - a potion of resistance {unknown}
Miscellaneous
 K - a lightning rod (4/4)


   Skills:
 - Level 5.8 Fighting
 - Level 5.3 Staves
 + Level 11.7 Dodging
 - Level 3.4 Stealth
 - Level 4.6 Spellcasting
 + Level 12.4 Conjurations
 - Level 8.2 Air Magic
 - Level 5.3 Evocations


You had 3 spell levels left.
You knew the following spells:

 Your Spells              Type           Power      Damage    Failure   Level
a - Magic Dart            Conj           100%       1d8       1%          1
b - Searing Ray           Conj           100%       2d8       1%          2
c - Dazzling Flash        Conj/Hex       100%       N/A       1%          3
d - Iskenderun's Mystic   Conj/Tloc      58%        2d12      1%          4
e - Static Discharge      Conj/Air       77%        N/A       1%          2
f - Lightning Bolt        Conj/Air       38%        1d57      1%          5

Your spell library contained the following spells:

 Spells                   Type           Power      Damage    Failure   Level
 Hailstorm                Conj/Ice       58%        3d13      1%          4
 Beastly Appendage        Tmut           12%        N/A       7%          1
 Wereblood                Tmut           6%         N/A       11%         2
 Spider Form              Tmut/Pois      6%         N/A       22%         3
 Fulminant Prism          Conj/Hex       29%        3d14      1%          4
 Lee's Rapid Deconstruct  Erth           3%         3d6*      43%         5
 Maxwell's Capacitive Co  Air            25%        ∞         97%         8


Dungeon Overview and Level Annotations

Branches:
Dungeon (11/15)            Temple (1/1) D:7            Lair (0/6) D:9
    Orc (2/2) D:10            Elf (0/3) Orc:2

Altars:
Ashenzari
Cheibriados
Dithmenos
Elyvilon
Fedhas
Gozag
Hepliaklqana
Kikubaaqudgha
Makhleb
Nemelex Xobeh
Okawaru
Qazlal
Ru
Sif Muna
Trog
Uskayaw
Vehumet
Wu Jian
Xom
Yredelemnul
Zin
The Shining One
Beogh

Shops:
D:4 *   D:5 (   D:10 (   Orc:2 (

Annotations:
D:7 2 transporters, royokou's ghost, novice TrTm


Innate Abilities, Weirdness & Mutations

You can breathe wild blasts of lightning.
Your glossy black scales are hard. (AC +8)
You cannot fit into any form of body armour.
You are resistant to electric shocks. (rElec)
You are cold-blooded and may be slowed by cold attacks.


Message History

The red devil is struck by an arc of lightning.
The red devil is lightly wounded.
The orc sorcerer is struck by an arc of lightning.
The orc sorcerer is heavily wounded.
The red devil is struck by an arc of lightning.
The red devil is moderately wounded.
The lightning grounds out.
The orc sorcerer hits you with a +0 dagger.
The red devil barely misses you.
Your life force feels restored.
Damage: -1%(-1hp) hp: 86%(81hp)
Casting: Static Discharge (safe; 1% risk of failure)
Confirm with . or Enter, or press ? or * to list all spells.
You feel a surge of power!
The orc sorcerer is struck by an arc of lightning.
The orc sorcerer is heavily wounded.
The lightning grounds out.
The orc sorcerer gestures at you while chanting.
You suddenly lose the ability to move!
Something hits you.
An orc sorcerer comes into view.
It is wielding a +0 dagger and wearing a +1 robe of positive energy.
The orc sorcerer hits you but does no damage.
The red devil hits you from afar with a +0 trident!
Barbed spikes become lodged in your body.
The orc sorcerer hits you but does no damage.
The orc hits you but does no damage.
The orc sorcerer casts a spell.
The red devil hits you from afar with a +0 trident.
Barbed spikes become lodged in your body.
Something hits you!
The orc sorcerer points at you and mumbles some strange words.
The bolt of negative energy hits you!!
You feel drained.
* * * LOW HITPOINT WARNING * * *
An orc comes into view. It is wielding a +0 vorpal hand axe.
The orc hits you but does no damage.
The orc sorcerer hits you with a +0 dagger!
* * * LOW HITPOINT WARNING * * *
The red devil hits you but does no damage.
The orc sorcerer points at you and mumbles some strange words.
The bolt of fire hits you!! You resist.
You die...

........§≈§# #..≈#
.[.....§.§§## ...≈#
.........≈≈§# ....≈#
.##..##)§##≈### ....§#
.##..##.≈##≈§≈####...≈#
.........≈≈≈≈≈≈≈≈....≈#
.........)))....)4...≈#
.................o8..§#
........§.§.)..).@o..§#
.......§§≈≈≈≈≈≈≈≈{oo)≈#
.##..##.≈##≈≈≈####.3.≈#
.##..##§§##§###....o.≈#
.......##≈≈≈#.....§.§≈#
......###§≈##..≈≈≈.o§§#
....### ≈≈#8.#####.§§#
##### #≈≈## ≈..o§≈≈
§§....§....


You could see a soul eater (summoned), 3 orc sorcerers, a red devil (summoned)
and 4 orcs.

Vanquished Creatures
  Gastronok (D:11)
  Fannar (D:11)
  A centaur warrior (D:11)
  An orc high priest (Orc:2)
  Sonja (D:11)
  An orc knight (D:10)
  5 deep elf zephyrmancers (Orc:2)
  4 deep elf pyromancers (Orc:2)
  5 orc sorcerers (Orc:2)
  A cyclops (D:11)
  A manticore (D:11)
  2 gargoyles (D:11)
  2 kobold demonologists (D:10)
  3 trolls
  A wraith (D:8)
  A wyvern (D:9)
  Eustachio (D:4)
  A vampire (D:10)
  Grum (D:11)
  9 yaks
  A warg (Orc:2)
  An acid dragon (D:11)
  A water moccasin (D:7)
  A sky beast (D:7)
  A black bear (D:7)
  20 orc warriors
  4 ice beasts
  6 ogres
  2 wolves (D:11)
  9 centaurs
  2 kobold brigands
  3 phantoms
  A wyvern zombie (D:6)
  A necrophage (D:6)
  7 scorpions
  12 wights
  2 wyvern skeletons (D:6)
  8 killer bees
  3 howler monkeys
  A bullfrog zombie (D:6)
  3 hounds
  2 centaur skeletons (D:6)
  18 orc priests
  3 bullfrog skeletons (D:6)
  3 iguanas
  34 orc wizards
  4 howler monkey zombies
  A howler monkey skeleton (D:6)
  11 adders
  7 gnolls
  2 shadow imps
  A white imp (D:6)
  A worm (D:10)
  3 dart slugs
  81 orcs
  7 ball pythons
  8 endoplasms
  5 giant cockroaches
  7 goblins
  7 hobgoblins
  6 jackals
  14 kobolds
  3 quokkas
  11 bats
  4 frilled lizards
  6 rats
381 creatures vanquished.

Vanquished Creatures (others)
  A human (D:4)
  An orc priest (D:10)
  An orc wizard (Orc:2)
  13 fungi (D:6)
  2 withered plants (D:6)
18 creatures vanquished.

Grand Total: 399 creatures vanquished

Notes
Turn   | Place    | Note
-------+----------+-------------------------------------------
     0 | D:1      | RepHenryClay the Draconian Conjurer began the quest for the
                  | Orb.
     0 | D:1      | Reached XP level 1. HP: 14/14 MP: 3/3
   634 | D:1      | Reached XP level 2. HP: 20/20 MP: 1/5
   884 | D:1      | Learned a level 2 spell: Searing Ray
  1350 | D:2      | Reached skill level 5 in Conjurations
  1350 | D:2      | Reached XP level 3. HP: 26/26 MP: 0/6
  1650 | D:2      | Found a glowing golden altar of the Shining One.
  1667 | D:2      | Identified the +8 dagger of Lummed {vorpal, Fly rElec rN+
                  | Will-}
  1709 | D:2      | Identified the +8 mace "Dush" {pain, rF++ Stlth-}
  1855 | D:2      | Reached XP level 4. HP: 33/33 MP: 2/7
  2516 | D:3      | Reached skill level 6 in Conjurations
  2620 | D:3      | Learned a level 3 spell: Dazzling Flash
  2744 | D:3      | Reached XP level 5. HP: 38/38 MP: 4/8
  2994 | D:3      | Found a faded altar of an unknown god.
  3127 | D:3      | Found a shadowy altar of Dithmenos.
  3204 | D:3      | Identified the -5 pair of gloves of Sin {+Blink rPois
                  | Dex+3}
  3211 | D:3      | Found a glowing silver altar of Zin.
  3269 | D:3      | Found a stormy altar of Qazlal.
  3415 | D:3      | Found a sparkling altar of Nemelex Xobeh.
  3665 | D:4      | Noticed Eustachio
  3717 | D:4      | Killed Eustachio
  3718 | D:4      | Reached skill level 7 in Conjurations
  3718 | D:4      | Reached XP level 6. HP: 36/45 MP: 1/9
  3858 | D:4      | Found a white marble altar of Elyvilon.
  3970 | D:4      | Found Itamymnoe's General Store.
  4095 | D:4      | Bought a scroll of teleportation for 36 gold pieces
  4095 | D:4      | Bought a +0 pair of boots for 54 gold pieces
  4309 | D:4      | Found an ancient bone altar of Kikubaaqudgha.
  4360 | D:4      | Noticed a human
  4367 | D:4      | Killed a human
  4385 | D:4      | Your scales start taking on a glossy black colour.
  4385 | D:4      | Reached XP level 7. HP: 50/50 MP: 10/10
  4385 | D:4      | Gained mutation: You are resistant to electric shocks.
                  | (rElec) [Black Draconian growth]
  4429 | D:4      | Found a shimmering blue altar of Sif Muna.
  4761 | D:5      | Entered Level 5 of the Dungeon
  4865 | D:5      | Found Linkum's Weapon Emporium.
  4933 | D:5      | Reached skill level 5 in Dodging
  4938 | D:5      | Learned a level 4 spell: Iskenderun's Mystic Blast
  5175 | D:5      | Reached XP level 8. HP: 57/57 MP: 1/12
  5414 | D:4      | Learned a level 2 spell: Static Discharge
  5579 | D:5      | Found a blossoming altar of Fedhas.
  5868 | D:6      | Reached skill level 1 in Air Magic
  6638 | D:6      | Reached skill level 5 in Air Magic
  6985 | D:6      | Reached XP level 9. HP: 43/62 MP: 1/13
  8022 | D:7      | Found a broken altar of Ashenzari.
  8239 | D:7      | Noticed a queen bee
  8263 | D:7      | Noticed royokou's ghost (novice TrTm)
  8544 | D:7      | Reached skill level 8 in Conjurations
  8647 | D:7      | Found a transporter.
  8655 | D:7      | Found a transporter.
  8847 | D:7      | Found a staircase to the Ecumenical Temple.
  8858 | Temple   | Entered the Ecumenical Temple
  9022 | Temple   | Became a worshipper of Vehumet
 10134 | D:8      | Reached XP level 10. HP: 60/69 MP: 9/16
 10143 | D:8      | Learned a level 5 spell: Lightning Bolt
 11008 | D:9      | Reached skill level 1 in Fighting
 11012 | D:9      | Reached * piety under Vehumet
 11012 | D:9      | Offered knowledge of Shock by Vehumet.
 11013 | D:9      | Reached skill level 1 in Staves
 11013 | D:9      | Reached skill level 1 in Evocations
 11310 | D:9      | Found a staircase to the Lair.
 12069 | D:10     | Entered Level 10 of the Dungeon
 12069 | D:10     | Found Feisamny's Antique Weapon Emporium.
 12408 | D:10     | Found a hide-covered altar of Uskayaw.
 12642 | D:10     | Noticed an orc knight
 12702 | D:10     | Killed an orc knight
 12702 | D:10     | Reached ** piety under Vehumet
 12714 | D:10     | Offered knowledge of Poisonous Vapours by Vehumet.
 13212 | D:10     | Found a staircase to the Orcish Mines.
 13742 | D:10     | Found a snail-covered altar of Cheibriados.
 13850 | D:11     | Noticed a centaur warrior
 13854 | D:11     | Killed a centaur warrior
 13855 | D:11     | Reached skill level 5 in Fighting
 13859 | D:11     | Noticed a gargoyle
 13872 | D:11     | Reached XP level 11. HP: 65/88 MP: 11/17
 14096 | D:11     | Noticed Sonja
 14099 | D:11     | Reached skill level 5 in Staves
 14099 | D:11     | Reached skill level 5 in Evocations
 14210 | D:11     | Killed Sonja
 14326 | D:11     | Noticed Grum
 14331 | D:11     | Killed Grum
 14574 | D:11     | Reached skill level 9 in Conjurations
 15036 | D:11     | Noticed Fannar
 15153 | D:11     | Killed Fannar
 15302 | D:11     | Found a shadowy altar of Dithmenos.
 15320 | D:11     | Noticed Gastronok
 15326 | D:11     | Killed Gastronok
 15327 | D:11     | Reached skill level 10 in Conjurations
 15488 | D:11     | Offered knowledge of Ignite Poison by Vehumet.
 16094 | Orc:1    | Entered Level 1 of the Orcish Mines
 16317 | Orc:1    | Reached *** piety under Vehumet
 16520 | Orc:1    | Reached skill level 10 in Dodging
 16698 | Orc:1    | Offered knowledge of Inner Flame by Vehumet.
 17025 | Orc:2    | Entered Level 2 of the Orcish Mines
 17025 | Orc:2    | Found a staircase to the Elven Halls.
 17025 | Orc:2    | Found Atzis's Antique Weapon Shoppe.
 17642 | Orc:2    | Reached **** piety under Vehumet
 17828 | Orc:2    | Noticed an orc high priest
 18087 | Orc:2    | Reached XP level 12. HP: 95/95 MP: 8/18
 18103 | Orc:2    | Reached skill level 11 in Conjurations
 18257 | Orc:2    | Offered knowledge of Hailstorm by Vehumet.
 18492 | Orc:2    | Upgraded the game from 0.29-a0-468-ge57f7f99b4 to
                  | 0.29-a0-472-ge5599a681e
 19182 | Orc:2    | Killed an orc high priest
 19589 | Orc:2    | Reached skill level 12 in Conjurations
 19742 | Orc:2    | Noticed an ogre mage
 19749 | Orc:2    | Paralysed by an orc sorcerer for 4 turns
 19754 | Orc:2    | Paralysed by an orc sorcerer for 5 turns
 19757 | Orc:2    | Killed from afar by an orc sorcerer

Illustrated notes

Levels and vault maps discovered:
D:1:      dpeg_cavernosity, layout_loops_corners
D:2:      layout_basic, basic_altar, minmay_misc_feat_rows
D:3:      layout_loops_ring, mainiacjoe_overflow_catwalk,
          mainiacjoe_overflow_surrounded_room, mainiacjoe_overflow_swirl,
          hellmonk_ecumenical_altar_slurped_away
D:4:      layout_cave_pools, tgw_kikubaaqudgha, nicolae_elyvilon_peaceful_grove,
          mainiacjoe_overflow_alcove_2, serial_shops, shop, uniq_eustachio
D:5:      layout_loops_ring, lemuel_round_altar, serial_shops,
          nicolae_shop_bloodbath_and_beyond
D:6:      old_forge, layout_basic, serial_undead, serial_undead_a,
          serial_undead_d, serial_undead_d, serial_undead_e, serial_undead_d,
          serial_undead_e
D:7:      layout_loops_ring, ashenzari_conservatory_becter,
          minmay_temple_entry_mist, gammafunk_ghost_hive
D:8:      layout_basic, kennysheep_generic_room_10
D:9:      layout_basic, lair_entry_dummy, serial_corexii_hall,
          corexii_hall_statues_s, chequers_hall_statues_corner_a,
          corexii_hall_statues_s, chequers_hall_statues_y,
          corexii_hall_statues_l, chequers_hall_statues_y
D:10:     layout_cave_pods, cheibrodos_worm_habitat,
          eat_drink_and_be_merry_uskayaw, david_orc_5, serial_shops,
          nicolae_stop_n_shop_2, ebering_dispersal_statue_hall, chequers_garden
D:11:     layout_loops_corners, nicolae_dithmenos_through_a_glass_darkly,
          uniq_gastronok, uniq_grum, uniq_sonja, uniq_fannar
Temple:   bh_familiar_temple
Orc:1:    layout_diamond_mine, serial_shops, uniq_urug, uniq_harold
Orc:2:    kennysheep_orc_mage_school, layout_caves, serial_shops, shop,
          elves_outpost_lemuel

Skill      XL: |  1  2  3  4  5  6  7  8  9 10 11 12 |
---------------+-------------------------------------+-----
Conjurations   | 5 6 7 8 10 12 | 12.4
Dodging        | 2 5 7 8 10 11 | 11.7
Stealth        | 3 |  3.4
Spellcasting   | 3 4 |  4.6
Air Magic      | 5 8 |  8.2
Fighting       | 5 |  5.8
Staves         | 4 5 |  5.3
Evocations     | 4 5 |  5.3

Action                   |  1- 3 |  4- 6 |  7- 9 | 10-12 || total
-------------------------+-------+-------+-------+-------++-------
Melee: Dagger            |       |    27 |     8 |       ||    35
       Tailslap          |       |     1 |     7 |    13 ||    21
       Mace              |       |       |    25 |       ||    25
       Staff             |       |       |    45 |   143 ||   188
       Punch             |       |       |     1 |     4 ||     5
Throw: Dart              |       |       |       |     2 ||     2
 Cast: Magic Dart        |    61 |    80 |    97 |    17 ||   255
       Searing Ray       |       |     6 |    57 |    21 ||    84
       Dazzling Flash    |       |     1 |       |       ||     1
       Static Discharge  |       |       |     1 |    70 ||    71
       Lightning Bolt    |       |       |       |   130 ||   130
       Iskenderun's Myst |       |       |       |     3 ||     3
 Abil: Breathe Lightning |       |       |     3 |     1 ||     4
Evoke: Lightning rod     |       |       |       |     5 ||     5
       Wand              |       |       |       |     1 ||     1
  Use: Scroll            |       |       |       |     9 ||     9
       Potion            |       |       |       |     5 ||     5
 Stab: Sleeping          |       |     2 |       |     1 ||     3
Armor: Skin              |     2 |    13 |    63 |    82 ||   160
Dodge: Dodged            |     7 |    20 |   142 |   179 ||   348

Table legend: (Time is in decaauts)
 A = Elapsed time spent in this place.
 B = Non-inter-level travel time spent in this place.
 C = Inter-level travel time spent in this place.
 D = Time resting spent in this place.
 E = Time spent auto-exploring this place.
 F = Levels seen in this place.
 G = Mean time per level.
                   A        B        C        D        E       F      G
               +--------+--------+--------+--------+--------+-----+--------+
         Total |  19806 |  18785 |   1021 |   3855 |  12323 |  14 | 1414.7 |
       Dungeon |  16439 |  15595 |    844 |   2459 |  11183 |  11 | 1494.5 |
        Temple |    186 |    164 |     22 |      0 |    157 |   1 |  186.0 |
  Orcish Mines |   3180 |   3026 |    154 |   1396 |    983 |   2 | 1590.0 |
               +--------+--------+--------+--------+--------+-----+--------+

Top non-repeatable levels by time:
    D:10: 2492 daAuts
     D:6: 2005 daAuts
    D:11: 1966 daAuts
   Orc:1: 1636 daAuts
     D:9: 1569 daAuts
   Orc:2: 1543 daAuts
     D:1: 1341 daAuts
     D:3: 1257 daAuts
     D:4: 1242 daAuts
     D:2: 1218 daAuts
     D:8: 1204 daAuts
     D:7: 1187 daAuts
     D:5: 953 daAuts
  Temple: 186 daAuts
